 Dungeon Crawl Stone Soup version 0.32-a0-12-g7fc57aa (webtiles) character file.

Game seed: 3558647351274967133

51783 smazza the Geomancer (level 14, -9/89 (90) HPs)
             Began as a Gargoyle Earth Elementalist on Jan 11, 2024.
             Was a High Priest of Vehumet.
             Mangled by an orc warrior
             ... wielding a +0 glaive
             ... led by an orc warlord
              (27 damage)
             ... on level 2 of the Orcish Mines on Jan 14, 2024.
             The game lasted 01:50:51 (18306 turns).

smazza the Geomancer (Gargoyle Earth Elementalist) Turns: 18306, Time: 01:50:52

HP:   -9/89 (90)    AC: 24    Str: 13    XL:     14   Next: 61%
MP:   1/27          EV: 14    Int: 20    God:    Vehumet [*****.]
Gold: 1104          SH:  7    Dex: 16    Spells: 11/31 levels left

rFire   + . .        P - +3 demon trident (freeze)
rCold   + . .        N - +2 buckler
rNeg    + . .        v - +6 leather armour of the Everdark {Rampage rF+}
rPois   ∞            a - +2 helmet
rElec   +            T - +0 cloak
rCorr   .            (no gloves)
SInv    +            j - +0 pair of boots
Will    +....        J - amulet of regeneration
Stlth   ++           u - +6 ring of dexterity
HPRegen 1.14/turn    f - ring "Susaqal" {rC+ SInv}
MPRegen 0.20/turn

%: rampage
@: flying, lightly drained
A: sickness immunity, AC +10, big wings, negative energy resistance 1,
electricity resistance, torment resistance 1, petrification resistance
a: Renounce Religion


You were on level 2 of the Orcish Mines.
You worshipped Vehumet.
Vehumet was extremely pleased with you.
You visited 5 branches of the dungeon, and saw 19 of its levels.

You collected 1436 gold pieces.
You spent 332 gold pieces at shops.

Inventory:

Hand Weapons
 g - a +0 whip
 P - a +3 demon trident of freezing (weapon)
Missiles
 E - 7 throwing nets
 V - 20 stones
Armour
 a - a +2 helmet (worn)
 j - a +0 pair of boots (worn)
 s - +0 acid dragon scales
 v - the +6 leather armour of the Everdark (worn) {Rampage rF+}
   (You found it on level 4 of the Dungeon)

   rF+:       It protects you from fire.
   Rampage:   It bestows one free step when moving towards enemies.
 z - a +2 robe of willpower
 N - a +2 buckler (worn)
 R - a +1 hat of see invisible
 T - a +0 cloak (worn)
Magical Staves
 d - a staff of earth
 C - a staff of fire
Jewellery
 f - the ring "Susaqal" (right hand) {rC+ SInv}
   (You found it on level 1 of the Lair of Beasts)

   [ring of protection from cold]

   rC+:       It protects you from cold.
   SInv:      It lets you see invisible.
 n - a ring of ice
 u - a +6 ring of dexterity (left hand)
 y - a ring of resist corrosion
 F - a +6 ring of strength
 I - an amulet of magic regeneration
 J - an amulet of regeneration (around neck)
 S - a ring of protection from cold
 W - a +4 ring of slaying
Wands
 c - a wand of roots (37)
 p - a wand of flame (43)
 D - a wand of charming (19)
 G - a wand of polymorph (21)
 K - a wand of mindburst (13)
Scrolls
 e - 5 scrolls of enchant armour
 i - a scroll of poison
 k - a scroll of teleportation
 l - 3 scrolls of vulnerability
 r - a scroll of blinking
 H - a scroll of amnesia
 M - 2 scrolls of fog
 O - a scroll of revelation
 U - a scroll of immolation
Potions
 b - a potion of magic
 h - 3 potions of heal wounds
 m - 2 potions of enlightenment
 q - 12 potions of curing
 t - 4 potions of attraction
 w - a potion of lignification
 A - 4 potions of mutation
 B - 3 potions of ambrosia {unknown}
 L - 3 potions of haste {unknown}
 Q - 2 potions of resistance
 X - 3 potions of might {unknown}


   Skills:
 + Level 11.0 Fighting
 - Level 1.2(2.4) Maces & Flails
 * Level 9.0(9.2) Polearms
 - Level 3.2(7.1) Staves
 - Level 7.0 Dodging
 - Level 2.1 Stealth
 - Level 4.0 Shields
 - Level 9.0 Spellcasting
 - Level 10.4 Conjurations
 - Level 4.0 Translocations
 + Level 14.8 Earth Magic
 - Level 3.2 Evocations


You had 11 spell levels left.
You knew the following spells:

 Your Spells              Type           Power      Damage    Failure   Level
a - Sandblast             Erth           100%       2d20      1%          1
b - Stone Arrow           Conj/Erth      100%       3d13      1%          3
c - Brom's Barrelling Bo  Conj/Erth      56%        2d7       1%          4
d - Passwall              Erth           62%        N/A       1%          3
e - Blink                 Tloc           50%        N/A       3%          2
f - Iskenderun's Battles  Conj           50%        2d10      1%          5
g - Searing Ray           Conj           100%       2d8       1%          2

Your spell library contained the following spells:

 Spells                   Type           Power      Damage    Failure   Level
 Irradiate                Conj/Alch      14%        3d16      12%         5
 Kiss of Death            Conj/Necr      100%       2d13      1%          1
 Magic Dart               Conj           100%       1d8       1%          1
 Momentum Strike          Conj/Tloc      74%        3d10      1%          2
 Lesser Beckoning         Tloc           50%        N/A       3%          2
 Fulminant Prism          Conj/Alch      14%        3d9       4%          4
 Petrify                  Alch/Erth      38%        N/A       6%          4
 Arcjolt                  Conj/Air       14%        1d24      12%         5
 Fireball                 Conj/Fire      14%        3d8       12%         5
 Necrotise                Necr           36%        1d5       13%         1
 Borgnjor's Vile Clutch   Necr/Erth      19%        N/A       17%         5
 Ensorcelled Hibernation  Hex/Ice        18%        N/A       21%         2
 Freezing Cloud           Conj/Ice/Air   11%        6-21      22%         5
 Fugue of the Fallen      Necr           9%         N/A       36%         3
 Vampiric Draining        Necr           9%         2d6       36%         3
 Orb of Destruction       Conj           25%        9d9       36%         7
 Vhi's Electric Charge    Tloc/Air       34%        N/A       50%         4
 Conjure Ball Lightning   Conj/Air       14%        3x3d6     50%         6
 Anguish                  Hex/Necr       4%         N/A       78%         4
 Animate Dead             Necr           9%         N/A       78%         4
 Dispel Undead            Necr           9%         3d8       78%         4
 Martyr's Knell           Necr/Summ      9%         N/A       78%         4
 Curse of Agony           Necr           9%         N/A       98%         5
 Plasma Beam              Fire/Air       4%         2x1d14    99%         6
 Death Channel            Necr           4%         N/A       100%        6
 Fire Storm               Conj/Fire      14%        8d4       100%        9
 Cigotuvi's Dreadful Rot  Necr/Alch/Air  Unusable   N/A       N/A         2

Dungeon Overview and Level Annotations

Branches:
Dungeon (11/15)            Temple (1/1) D:6            Lair (4/5) D:9
 Shoals (0/4) Lair:3        Snake (1/4) Lair:2          Orc (2/2) D:9
    Elf (0/3) Orc:2
  Slime: Lair:4-5

Altars:
Ashenzari
Cheibriados
Dithmenos
Elyvilon
Fedhas
Gozag
Hepliaklqana
Kikubaaqudgha
Makhleb
Nemelex Xobeh
Okawaru
Qazlal
Ru
Sif Muna
Trog
Uskayaw
Vehumet
Wu Jian
Xom
Yredelemnul
Zin
The Shining One

Shops:
D:4 !(   Orc:2 ([*(:(!!

Annotations:
D:4 2 runed translucent doors, wqsa789's ghost, weakling FoFi


Innate Abilities, Weirdness & Mutations

You are immune to sickness and miasma.
Your stone body is resilient. (AC +10)
You are immune to poison.
Your large and strong wings let you fly.
You resist negative energy. (rN+)
You are resistant to electric shocks. (rElec)
You are resistant to unholy torment.
You are immune to petrification.


Message History

Casting: Stone Arrow (safe; 1% risk of failure)
Confirm with . or Enter, or press ? or * to list all spells.
Aiming: Stone Arrow (safe; 1% risk of failure)
Press: ? - help, Shift-Dir - straight line, f/p - orc warlord
Aim: an orc warlord, wielding a +3 war axe of electrocution, wearing a +0 plate armour and wearing a +0 kite shield (heavily wounded, 89% to hit)
The orc warlord blocks the stone arrow.
The troll bites you but does no damage. The troll closely misses you.
The troll barely misses you.
The orc warlord hits you with a +3 war axe of electrocution!
Casting: Stone Arrow (safe; 1% risk of failure)
Confirm with . or Enter, or press ? or * to list all spells.
Aiming: Stone Arrow (safe; 1% risk of failure)
Press: ? - help, Shift-Dir - straight line, f/p - orc warlord
Aim: an orc warlord, wielding a +3 war axe of electrocution, wearing a +0 plate armour and wearing a +0 kite shield (heavily wounded, 89% to hit)
The orc warlord blocks the stone arrow.
You block the troll's attack.
The troll claws you but does no damage. x2; You block the orc warlord's attack.
Unknown command.
Aiming: Mindburst
Press: ? - help, Shift-Dir - straight line, f/p - orc warlord
Aim: an orc warlord, wielding a +3 war axe of electrocution, wearing a +0 plate armour and wearing a +0 kite shield (heavily wounded, chance to affect: 44%)
The orc warlord resists with some effort.
The orc warrior no longer looks unusually strong.
You block the troll's attack. The troll barely misses you.
You block the troll's attack.
The orc warlord roars a battlecry!
The orc warrior goes into a battle-frenzy!
You hit the orc warlord but do no damage.
The orc warlord is heavily wounded.
You block the troll's attack. The troll closely misses you.
The troll claws you!
The orc warlord hits you with a +3 war axe of electrocution!!
* * * LOW HITPOINT WARNING * * *
Okay, then.
Blink to where?
Press: ? - help, Dir - move target, p - orc warlord
As you read the scroll of blinking, it crumbles to dust.
The orc warrior closely misses you.
The orc warlord roars a battlecry!
The orc goes into a battle-frenzy!
The orc warrior hits you from afar with a +0 glaive!!
You die...

***,,,..............##≈§....##§..
*,,,,,.#............##≈#'#)###...
,,,,*,...............###...)....§
,,,**,............<..##...)).)))≈
,...................##≈)8........
,,...........#.#....##≈.#........
**#...........∩.....##≈§#_.....##
* #...<....###.#....###§###8..##.
###............@#..####≈≈...##..
##.#.......#...#.##..####≈≈§##...
#.....##......#ooo....# #####§..8
*#............##oT....# #≈...
#.......##..###.#..### ##≈..≈
##.#♣....#####§o....# #∩..8.
###....## ##.##.## ##≈..≈ #∩.♣..#
###### #≈.§. ####.## #≈≈§8


You could see an orc warlord, a troll, 2 orc warriors and 2 orcs.

Vanquished Creatures
  Gastronok (Lair:1)
  Harold (D:11)
  An ogre mage (Orc:2)
  Erolcha (Orc:2)
  2 hydras
  A boulder beetle (Lair:4)
  A two-headed ogre (D:10)
  8 death yaks
  Urug (Lair:1)
  Nergalle (Orc:2)
  4 skysharks
  Pikel (D:7)
  7 orc sorcerers
  4 black mambas
  2 torpor snails
  9 elephants
  13 cane toads
  Jeremiah (D:7)
  Maggie (D:6)
  2 rime drakes
  8 komodo dragons
  An unseen horror (D:11)
  2 trolls
  3 polar bears
  Grinder (D:3)
  17 blink frogs
  15 dream sheep
  A vampire (D:8)
  2 shadows
  26 yaks
  3 wyverns
  A wraith (D:11)
  5 steam dragons
  2 basilisks
  Grum (D:8)
  3 wargs (Orc:1)
  Menkaure (D:4)
  A swamp worm (D:11)
  18 water moccasins
  2 acid dragons (D:11)
  Duvessa (D:4)
  3 ice beasts
  A sky beast (D:7)
  10 orc warriors
  A black bear (Lair:3)
  3 wolves (Lair:3)
  11 ogres
  5 centaurs
  5 kobold brigands
  11 bullfrogs
  3 gnoll sergeants
  6 scorpions
  2 water moccasin zombies (D:4)
  Dowan (D:4)
  11 wights
  A howler monkey (D:8)
  A bombardier beetle (D:3)
  A bullfrog zombie (D:4)
  4 jellies
  10 hounds
  3 gnoll boudas (D:8)
  12 orc priests
  39 orc wizards
  2 scorpion zombies (D:4)
  A sleepcap (D:5)
  Ijyb (D:3)
  Natasha (D:3)
  2 iguanas
  A hound zombie (D:4)
  Robin (D:3)
  25 gnolls
  3 adders
  2 white imps
  3 adder skeletons (D:4)
  2 adder zombies (D:4)
  3 dart slugs
  68 orcs
  9 ball pythons
  11 endoplasms
  2 giant cockroaches (D:4)
  26 goblins
  15 hobgoblins
  5 jackals
  40 kobolds
  2 bats (D:2)
  4 frilled lizards
  3 rats
552 creatures vanquished.

Vanquished Creatures (collateral kills)
  An orc warrior (D:8)
  An orc wizard (D:8)
  An orc (D:8)
  6 boulders
9 creatures vanquished.

Vanquished Creatures (others)
  An orc sorcerer (Orc:2)
  An orc (Orc:2)
  6 boulders
8 creatures vanquished.

Grand Total: 569 creatures vanquished

Notes
Turn   | Place    | Note
-------+----------+-------------------------------------------
     0 | D:1      | smazza the Gargoyle Earth Elementalist began the quest for
                  | the Orb.
     0 | D:1      | Reached XP level 1. HP: 10/10 MP: 3/3
   326 | D:1      | Reached XP level 2. HP: 16/16 MP: 0/5
   535 | D:1      | Reached skill level 4 in Earth Magic
   940 | D:2      | Reached XP level 3. HP: 20/20 MP: 4/6
  1294 | D:2      | Reached skill level 1 in Fighting
  1298 | D:2      | Learned a level 3 spell: Stone Arrow
  1409 | D:3      | HP: 1/20 [burnt (8)]
  1410 | D:3      | Reached XP level 4. HP: 2/25 MP: 3/7
  1454 | D:3      | Noticed Ijyb
  1458 | D:3      | Killed Ijyb
  1943 | D:3      | Reached XP level 5. HP: 26/29 MP: 5/8
  2043 | D:3      | Noticed Grinder
  2208 | D:3      | Paralysed by Grinder for 5 turns
  2219 | D:3      | Paralysed by Grinder for 2 turns
  2221 | D:3      | Killed Grinder
  2222 | D:3      | Reached skill level 5 in Earth Magic
  2222 | D:3      | Reached XP level 6. HP: 22/36 MP: 3/10
  2279 | D:3      | Learned a level 4 spell: Brom's Barrelling Boulder
  2279 | D:3      | Upgraded the game from 0.31-a0-1620-gcbf77bb to
                  | 0.32-a0-12-g7fc57aa
  2283 | D:3      | Learned a level 3 spell: Passwall
  2690 | D:4      | Identified the +6 leather armour of the Everdark {Rampage
                  | rF+}
  2730 | D:4      | Reached skill level 6 in Earth Magic
  2759 | D:4      | Found Roadinoq's Antique Weapon Shoppe.
  2825 | D:4      | Noticed Robin
  2845 | D:3      | Killed Robin
  2917 | D:4      | Bought a runed flail for 130 gold pieces
  2958 | D:4      | Found a runed translucent door.
  2963 | D:4      | Noticed wqsa789's ghost (weakling FoFi)
  3010 | D:4      | Reached XP level 7. HP: 40/40 MP: 6/11
  3023 | D:4      | Reached skill level 1 in Maces & Flails
  3088 | D:4      | Identified a scroll of acquirement
  3088 | D:4      | Acquired a staff of earth
  3302 | D:4      | Noticed Duvessa
  3308 | D:4      | Killed Duvessa
  3309 | D:4      | Reached skill level 7 in Earth Magic
  3310 | D:4      | Noticed Dowan
  3318 | D:4      | Found a runed translucent door.
  3338 | D:3      | Noticed Natasha
  3354 | D:3      | Killed Natasha
  3388 | D:4      | Reached XP level 8. HP: 46/46 MP: 13/13
  3424 | D:4      | Noticed Menkaure
  3455 | D:4      | Killed Menkaure
  3688 | D:4      | Killed Dowan
  3803 | D:4      | Found Tahomate's Distillery.
  3979 | D:5      | Entered Level 5 of the Dungeon
  4104 | D:5      | Reached skill level 8 in Earth Magic
  4618 | D:5      | Reached XP level 9. HP: 52/52 MP: 10/15
  5196 | D:6      | Noticed a +0 dagger
  5196 | D:6      | Noticed a +0 hand axe
  5196 | D:6      | Found a hide-covered altar of Uskayaw.
  5230 | D:5      | Reached skill level 5 in Conjurations
  5251 | D:6      | Reached skill level 9 in Earth Magic
  5287 | D:6      | Found a staircase to the Ecumenical Temple.
  5298 | Temple   | Entered the Ecumenical Temple
  5375 | Temple   | Became a worshipper of Vehumet
  5457 | D:6      | Reached skill level 5 in Fighting
  5735 | D:6      | Noticed Maggie
  5751 | D:6      | Killed Maggie
  5752 | D:6      | Reached skill level 5 in Spellcasting
  6121 | D:6      | Reached skill level 10 in Earth Magic
  6156 | D:6      | Found a sacrificial altar of Ru.
  6554 | D:7      | Reached * piety under Vehumet
  6554 | D:7      | Offered knowledge of Kiss of Death by Vehumet.
  6561 | D:7      | Noticed Jeremiah
  6805 | D:7      | Noticed Pikel
  6806 | D:7      | Reached XP level 10. HP: 60/60 MP: 12/17
  6815 | D:7      | Killed Pikel
  6816 | D:7      | Reached skill level 5 in Dodging
  7002 | D:7      | Killed Jeremiah
  7117 | D:7      | Reached skill level 11 in Earth Magic
  7553 | D:7      | Reached ** piety under Vehumet
  7553 | D:7      | Offered knowledge of Mercury Vapours by Vehumet.
  7956 | D:8      | Reached skill level 1 in Staves
  8053 | D:8      | Reached skill level 1 in Shields
  8053 | D:8      | Reached skill level 1 in Evocations
  8175 | D:8      | Offered knowledge of Mephitic Cloud by Vehumet.
  8222 | D:8      | Noticed Grum
  8225 | D:8      | Killed Grum
  8501 | D:8      | Learned a level 2 spell: Blink
  8728 | D:9      | Reached *** piety under Vehumet
  8777 | D:9      | Found a blossoming altar of Fedhas.
  8796 | D:9      | Found a stormy altar of Qazlal.
  9012 | D:9      | Found a staircase to the Lair.
  9145 | D:9      | Found a staircase to the Orcish Mines.
  9260 | D:9      | Offered knowledge of Hailstorm by Vehumet.
  9334 | D:9      | Reached XP level 11. HP: 67/67 MP: 14/20
  9433 | D:9      | Reached skill level 1 in Translocations
  9661 | D:10     | Entered Level 10 of the Dungeon
  9717 | D:10     | Learned a level 5 spell: Iskenderun's Battlesphere
  9796 | D:10     | Got Ereshkigal's Compilation of the Shot
  9982 | D:10     | Noticed a two-headed ogre
  9987 | D:10     | Killed a two-headed ogre
  9988 | D:10     | Reached skill level 12 in Earth Magic
 10018 | D:10     | Found a shadowy altar of Dithmenos.
 10145 | D:10     | Reached **** piety under Vehumet
 10410 | D:11     | Noticed Harold
 10437 | D:11     | Killed Harold
 10692 | D:11     | Noticed a boulder beetle
 10735 | D:11     | a boulder beetle changed into a swamp worm
 11001 | Lair:1   | Entered Level 1 of the Lair of Beasts
 11011 | Lair:1   | Offered knowledge of Volatile Blastmotes by Vehumet.
 11017 | Lair:1   | Identified the +1 dagger of the Pits of Slime {flame,
                  | rPois}
 11188 | Lair:1   | Noticed Urug
 11197 | Lair:1   | Killed Urug
 11503 | Lair:1   | Reached skill level 1 in Polearms
 11606 | Lair:1   | Identified the ring "Susaqal" {rC+ SInv}
 11761 | Lair:1   | Noticed Gastronok
 11776 | Lair:1   | Noticed a skyshark
 11780 | Lair:1   | Killed Gastronok
 11781 | Lair:1   | Reached XP level 12. HP: 43/73 MP: 16/22
 11786 | Lair:1   | Killed a skyshark
 12023 | Lair:1   | Reached skill level 13 in Earth Magic
 12576 | Lair:2   | Noticed a skyshark
 12592 | Lair:2   | Killed a skyshark
 13041 | Lair:2   | Found a staircase to the Snake Pit.
 13362 | Lair:2   | Reached ***** piety under Vehumet
 13363 | Lair:2   | Reached skill level 5 in Polearms
 13363 | Lair:2   | Offered knowledge of Yara's Violent Unravelling by Vehumet.
 13567 | Lair:2   | Reached XP level 13. HP: 80/80 MP: 24/24
 13682 | Snake:1  | Entered Level 1 of the Snake Pit
 14129 | Lair:3   | Found a staircase to the Shoals.
 14684 | Lair:3   | You fall into a shaft and drop 1 floor!
 14977 | Lair:4   | Reached skill level 14 in Earth Magic
 15094 | Lair:4   | Reached skill level 10 in Fighting
 15178 | Lair:4   | Reached skill level 10 in Conjurations
 15538 | Lair:3   | Gained mutation: Your large and strong wings let you fly.
                  | [Gargoyle growth]
 15538 | Lair:3   | Reached XP level 14. HP: 59/88 MP: 26/26
 16379 | Lair:4   | Offered knowledge of Irradiate by Vehumet.
 16862 | Orc:1    | Entered Level 1 of the Orcish Mines
 17057 | Orc:2    | Entered Level 2 of the Orcish Mines
 17213 | Orc:2    | Found a staircase to the Elven Halls.
 17214 | Orc:2    | Found Pogecel's Antique Armour Shop.
 17220 | Orc:2    | Found Johoraac's Assorted Antiques.
 17274 | Orc:2    | Learned a level 2 spell: Searing Ray
 17296 | Orc:2    | Found a radiant altar of Vehumet.
 17296 | Orc:2    | Noticed Erolcha
 17332 | Orc:2    | Bought a scroll of enchant weapon for 202 gold pieces
 17362 | Orc:2    | Noticed an orc warlord
 17363 | Orc:2    | Found Radih's Weapon Shop.
 17706 | Orc:2    | Found Coebb's Book Emporium.
 17774 | Orc:2    | Noticed Nergalle
 17797 | Orc:2    | Killed Nergalle
 17817 | Orc:2    | Found an ancient bone altar of Kikubaaqudgha.
 17915 | Orc:2    | Killed Erolcha
 17942 | Orc:2    | Found Sac Fuilinn's Distillery.
 18003 | Orc:2    | Paralysed by an orc sorcerer for 4 turns
 18077 | Orc:2    | Found Syelay's Distillery.
 18093 | Orc:2    | Found Emnaif's Antique Weapon Shoppe.
 18245 | Orc:2    | Found Loppefei's Weapon Shop.
 18306 | Orc:2    | Mangled by an orc warrior

Illustrated notes

Levels and vault maps discovered:
D:1:      mrwooster_arrival_statue, layout_basic, grunt_decor_one_mirror
D:2:      layout_rooms
D:3:      corexii_shack_village, layout_basic, uniq_grinder, uniq_natasha,
          uniq_ijyb
D:4:      layout_basic, ebering_ghost_sewer_f, serial_shops, shop, shop,
          serial_undead, serial_undead_b, serial_undead_f, serial_undead_a,
          serial_undead_d, kennysheep_nub, uniq_duvessa, uniq_robin,
          uniq_menkaure
D:5:      layout_cave_pods, chequers_jeans, nicolae_twisty_statue_hallways
D:6:      layout_gridville, dancing_weapons_uskayaw,
          nicolae_ru_the_path_less_chosen, minmay_temple_entry_overgrown,
          minmay_misc_feat_secret_circle, uniq_maggie
D:7:      corexii_shantytown, layout_basic, uniq_pikel, uniq_jeremiah
D:8:      layout_cave_pools, serial_gnoll_camp, gnoll_camp_mini_hut,
          gnoll_camp_mini_hut, grums_kennel, gnoll_camp_medium_01
D:9:      layout_basic, grunt_temple_overflow_forces_of_nature,
          lair_entry_dummy, hiddenorc1_lemuel
D:10:     layout_basic, grunt_dithmenos_shadows
D:11:     layout_small_grid, uniq_harold
Temple:   minmay_temple_bridge_d
Lair:1:   layout_regular_city, st_stairs_8, uniq_urug, uniq_gastronok
Lair:2:   layout_regular_city, minmay_snake_entry_six_corridors,
          grunt_megastairs_3
Lair:3:   wad_woods_structure_01, layout_regular_city,
          minmay_shoals_entry_centaurs, forest_entry_grove
Lair:4:   layout_loops_ring
Snake:1:  layout_layer_cave, basic_altar, uniq_mlioglotl, uniq_roxanne
Orc:1:    layout_caves, serial_shops
Orc:2:    kennysheep_orc_mage_school, layout_caves, serial_shops, shop,
          nicolae_shop_crystal, shop, nicolae_shop_pleasant_corner_grove,
          nicolae_shop_window_shopping

Skill      XL: |  1  2  3  4  5  6  7  8  9 10 11 12 13 14 |
---------------+-------------------------------------------+-----
Earth Magic    | 4 5 6 7 8 10 11 12 13 14 | 14.8
Fighting       | 1 2 3 4 5 7 8 9 10 11 | 11.0
Dodging        | 2 3 4 5 6 7 |  7.0
Conjurations   | 2 3 4 6 7 8 9 10 | 10.4
Spellcasting   | 3 4 5 6 7 8 9 |  9.0
Maces & Flails | 1 |  1.2
Staves         | 2 3 |  3.2
Shields        | 2 4 |  4.0
Evocations     | 1 3 |  3.2
Translocations | 3 4 |  4.0
Polearms       | 2 5 7 9 |  9.0
Stealth        | |  2.1

Action                     |  1- 3 |  4- 6 |  7- 9 | 10-12 | 13-15 || total
---------------------------+-------+-------+-------+-------+-------++-------
  Melee: Whip              |    13 |    96 |       |       |       ||   109
         Punch             |       |     2 |     2 |       |       ||     4
         Flail             |       |    11 |   170 |       |       ||   181
         Staff             |       |       |    14 |    35 |       ||    49
         Demon trident     |       |       |       |    72 |   573 ||   645
   Cast: Sandblast         |    35 |    72 |   111 |   369 |   159 ||   746
         Passwall          |       |     1 |     1 |     4 |     3 ||     9
         Brom's Barrelling |       |       |     6 |     8 |     2 ||    16
         Stone Arrow       |       |       |     4 |    58 |    54 ||   116
         Iskenderun's Batt |       |       |       |     3 |     8 ||    11
         Blink             |       |       |       |     1 |       ||     1
         Searing Ray       |       |       |       |       |     1 ||     1
  Evoke: Wand              |       |       |       |     1 |     5 ||     6
    Use: Potion            |       |     3 |       |     2 |     3 ||     8
         Scroll            |       |       |    13 |    12 |     8 ||    33
   Stab: Sleeping          |       |     1 |     1 |       |     4 ||     6
         Distracted        |       |       |     1 |       |       ||     1
         Invisible         |       |       |       |       |    12 ||    12
 Armour: Robe              |     7 |    47 |       |       |       ||    54
         Leather armour    |       |    44 |   200 |   338 |   404 ||   986
         Skin              |       |       |       |       |     9 ||     9
  Dodge: Dodged            |     8 |    83 |   165 |   243 |   343 ||   842
  Block: Buckler           |       |       |       |   128 |   219 ||   347

Table legend: (Time is in decaauts)
 A = Elapsed time spent in this place.
 B = Non-inter-level travel time spent in this place.
 C = Inter-level travel time spent in this place.
 D = Time resting spent in this place.
 E = Time spent auto-exploring this place.
 F = Levels seen in this place.
 G = Mean time per level.
                   A        B        C        D        E       F      G
               +--------+--------+--------+--------+--------+-----+--------+
         Total |  18787 |  18000 |    787 |   3656 |   9262 |  19 |  988.8 |
       Dungeon |  11263 |  10882 |    381 |   2074 |   6148 |  11 | 1023.9 |
        Temple |    182 |     39 |    143 |     30 |      0 |   1 |  182.0 |
          Lair |   5899 |   5689 |    210 |   1407 |   2577 |   4 | 1474.8 |
     Snake Pit |      1 |      1 |      0 |      0 |      0 |   1 |    1.0 |
  Orcish Mines |   1441 |   1389 |     52 |    145 |    537 |   2 |  720.5 |
               +--------+--------+--------+--------+--------+-----+--------+

Top non-repeatable levels by time:
  Lair:2: 1770 daAuts
  Lair:3: 1462 daAuts
  Lair:1: 1428 daAuts
     D:3: 1412 daAuts
     D:5: 1294 daAuts
     D:6: 1293 daAuts
     D:4: 1272 daAuts
  Lair:4: 1238 daAuts
     D:9: 1197 daAuts
     D:7: 1075 daAuts
     D:8: 947 daAuts
   Orc:2: 891 daAuts
     D:1: 883 daAuts
    D:10: 768 daAuts
    D:11: 590 daAuts
